AoeStats
← Bear Man

Four Lakes

509698568Analyzed
1v1 RM · 5d ago on Sep 27, 2026· 40m 24s· 2 players
Game mode
Random Map
Map size
Tiny (2 player)
Population
200
Speed
Normal
Resources
Standard
Victory
Conquest
Starting age
Dark Age
Ending age
Imperial Age
RankedLock teamsTeams togetherTeam positionsShared explorationLock speedFull tech treeHidden civsTurbo modeCheats
Victory
Defeat
🇩🇪 Spanish · Germany
1134
+15
🇺🇸 Khmer · United States
1103
-15
Bear Man
4:31 Loom
11:43 Feudal Age
13:40 Gold Mining
13:37 Double-Bit Axe
14:43 Horse Collar
19:06 Castle Age
18:42 Fishing Lines
20:07 Bow Saw
20:36 Gold Shaft Mining
22:29 Gillnets
22:53 Scale Barding Armor
22:40 Fletching
23:00 Forging
24:07 Bloodlines
23:58 Husbandry
28:01 Medium Warships
28:53 Wheelbarrow
28:08 Town Watch
28:39 Stone Mining
29:00 Gillnets
30:23 Stone Shaft Mining
30:59 Chain Barding Armor
33:40 Iron Casting
37:46 Imperial Age
35:35 Hand Cart
JHON_BOLTO
6:47 Loom
9:51 Feudal Age
14:09 Bloodlines
15:43 Fletching
19:25 Double-Bit Axe
19:22 Horse Collar
21:10 Wheelbarrow
22:35 Castle Age
21:46 Forging
22:07 Scale Mail Armor
21:56 Double-Bit Axe
25:55 Light Cavalry
26:29 Horse Collar
30:02 Pikeman
31:48 Iron Casting
38:01 Imperial Age
37:55 Chain Mail Armor
39:45 Chemistry
Connection lost

Rejoining the realm…

Still unreachable

The connection could not be restored.

Session expired

The server has moved on; the page needs a fresh start.